 Dungeon Crawl Stone Soup version 0.26.1-11-gd32895ea62 (webtiles) character file.

Game seed: 14525226221898353151

355 dtburroughs the Skirmisher (level 6, -10/56 HPs)
             Began as a Minotaur Berserker on July 23, 2021.
             Was a Believer of Trog.
             Mangled by an ogre
             ... wielding a +0 giant club
              (22 damage)
             ... on level 4 of the Dungeon.
             The game lasted 00:04:53 (4114 turns).

dtburroughs the Skirmisher (Minotaur Berserker)     Turns: 4114, Time: 00:04:54

Health: -10/56     AC: 10    Str: 22    XL:     6   Next: 36%
Magic:  5/5        EV:  9    Int:  6    God:    Trog [**....]
Gold:   89         SH:  0    Dex:  9    Spells: 5/5 levels left

rFire    . . .     SeeInvis .   a - +0 hand axe
rCold    . . .     Faith    .   (no shield)
rNeg     . . .     Spirit   .   u - +0 chain mail
rPois    .         Reflect  .   (helmet restricted)
rElec    .         Harm     .   (no cloak)
rCorr    .         Rampage  .   j - +0 pair of gloves
Will     ++...                  (no boots)
Stlth    ..........             (no amulet)
HPRegen  1.18/turn              (no ring)
MPRegen  0.09/turn              (no ring)

@: regenerating
A: retaliatory headbutt, horns 2
a: Renounce Religion, Berserk, Trog's Hand


You were on level 4 of the Dungeon.
You worshipped Trog.
Trog was pleased with you.
You visited 1 branch of the dungeon, and saw 4 of its levels.

You collected 89 gold pieces.

Inventory:

Hand Weapons
 a - a +0 hand axe (weapon)
 o - a cursed -2 flail
Armour
 j - a +0 pair of gloves (worn)
 u - a +0 chain mail (worn)
 v - a +1 pair of boots
Jewellery
 h - an uncursed ring of poison resistance {unknown}
 q - the ring of Okawaru's Pride {*Contam +Blink rC++ rCorr Str+4, unknown}
   (You found it on level 3 of the Dungeon)

   [ring of resist corrosion]

   It affects your strength (+4).
   It greatly protects you from cold.
   It lets you blink.
   It causes magical contamination when unequipped.
   It provides partial protection from all sources of acid and corrosion.
 t - a +4 ring of evasion {unknown}
Scrolls
 d - 3 scrolls of fear {unknown}
 e - 10 scrolls of identify {unknown}
 f - a scroll of enchant armour {unknown}
 l - 3 scrolls of remove curse {unknown}
 n - 2 scrolls of teleportation {unknown}
 p - a scroll of amnesia {unknown}
 s - a scroll of random uselessness {unknown}
Potions
 b - a potion of berserk rage {unknown}
 c - 3 potions of might {unknown}
 g - 2 potions of haste {unknown}
 i - a potion of degeneration {unknown}
 k - a potion of heal wounds {unknown}
 m - a potion of attraction {unknown}
 r - a potion of curing {unknown}


   Skills:
 + Level 5.3 Fighting
 + Level 5.3 Axes
 + Level 4.5 Armour
 + Level 4.1 Dodging


You had 5 spell levels left.
You didn't know any spells.
Your spell library was empty.

Dungeon Overview and Level Annotations

Branches:
Dungeon (4/15)
 Temple: D:4-7

Altars:
Ashenzari
Cheibriados
Xom

Shops:
D:4 !


Innate Abilities, Weirdness & Mutations

You reflexively headbutt those who attack you in melee.
You have a pair of horns on your head.


Message History

A gnoll comes into view.
The gnoll hits you from afar with a +0 spear.
The gnoll closely misses you.
The gnoll throws a throwing net.
The throwing net hits you.
You become entangled in the net!
The gnoll hits you but does no damage.
Your skin crawls.
You feel strong-willed. The gnoll barely misses you.
The gnoll hits you but does no damage.
You struggle against the net.
The ogre hits you but does no damage.
The gnoll hits you from afar with a +0 halberd!
The gnoll hits you from afar with a +0 spear.
* * * LOW HITPOINT WARNING * * *
You struggle against the net.
The ogre hits you with a +0 giant club.
* * * LOW HITPOINT WARNING * * *
The gnoll hits you from afar with a +0 halberd.
* * * LOW HITPOINT WARNING * * *
The gnoll hits you but does no damage.
You shred the net and break free!
The ogre hits you with a +0 giant club!!
You die...

.... ...# #..# ... ...#
#... ..# ..## #... ..#
...### ... ..## . .....#
...#...##.. ....# #..
#^#gg..... .# #..#.......#
## #..g.@.# # .......O..##
# ..#........### #
#.......)..## ######
###.........##
#....###########........#
...#........####.......###
.####.#.....#............#
####..#..................#


You could see an ogre and 3 gnolls.

Vanquished Creatures
  An ogre (D:4)
  An orc priest (D:3)
  3 orc wizards
  A centaur skeleton (D:4)
  Natasha (D:3)
  2 adders (D:3)
  An adder skeleton (D:4)
  2 worms
  A dart slug (D:1)
  2 leopard geckos (D:2)
  6 orcs
  3 ball pythons
  8 bats
  4 giant cockroaches
  7 goblins
  2 hobgoblins
  7 jackals
  6 frilled lizards
  7 kobolds
  4 rats
69 creatures vanquished.

Notes
Turn   | Place    | Note
-------+----------+-------------------------------------------
     0 | D:1      | dtburroughs the Minotaur Berserker began the quest for the
                  | Orb.
     0 | D:1      | Reached XP level 1. HP: 19/19 MP: 0/0
   337 | D:1      | Reached XP level 2. HP: 27/27 MP: 1/1
  1095 | D:2      | Reached XP level 3. HP: 26/33 MP: 2/2
  1783 | D:2      | Reached ** piety under Trog
  2339 | D:3      | Reached XP level 4. HP: 19/41 MP: 3/3
  2714 | D:3      | Got a heavily runed lead ring
  2871 | D:3      | Found a broken altar of Ashenzari.
  2875 | D:3      | Found a shimmering altar of Xom.
  2878 | D:3      | Found a snail-covered altar of Cheibriados.
  3051 | D:3      | Reached XP level 5. HP: 13/47 MP: 4/4
  3526 | D:3      | Noticed Natasha
  3531 | D:3      | Killed Natasha
  3873 | D:4      | Reached skill level 5 in Fighting
  3873 | D:4      | Reached skill level 5 in Axes
  4019 | D:4      | Reached XP level 6. HP: 56/56 MP: 5/5
  4043 | D:4      | Found Turetil's Distillery.
  4114 | D:4      | Mangled by an ogre

Illustrated notes

Levels and vault maps discovered:
D:1:      psy_arrival_heroes, layout_loops_ring
D:2:      layout_loops_corners
D:3:      layout_basic, grunt_temple_overflow_diamond, minmay_checkerbox,
          uniq_natasha
D:4:      kennysheep_goblin_castle, layout_cave_pools, lemuel_round_altar,
          nicolae_overflow_hidden_temple, serial_shops, shop_statue, uniq_ijyb

Skill      XL: |  1  2  3  4  5  6 |
---------------+-------------------+-----
Fighting       | 4 5 |  5.3
Axes           | 4 5 |  5.3
Armour         | 3 4 |  4.5
Dodging        | 3 4 |  4.1

Action                   |  1- 3 |  4- 6 || total
-------------------------+-------+-------++-------
Melee: Hand axe          |    84 |    68 ||   152
       Headbutt          |    11 |    13 ||    24
Invok: Trog's Hand       |       |     4 ||     4
Armor: Animal skin       |    24 |       ||    24
       Chain mail        |       |    48 ||    48
Dodge: Dodged            |    84 |    36 ||   120
